 Dungeon Crawl Stone Soup version 0.32-a0-825-g0e82a1035d (webtiles) character file.

Game seed: 15954930215974372716

471 Skiberibeda the Trooper (level 6, -12/56 HPs)
             Began as a Mountain Dwarf Fighter on Mar 25, 2024.
             Mangled by an ogre
             ... wielding a +0 giant club
              (27 damage)
             ... on level 5 of the Dungeon.
             The game lasted 00:05:13 (3110 turns).

Skiberibeda the Trooper (Mountain Dwarf Fighter)    Turns: 3110, Time: 00:05:13

Health: -12/56     AC: 10    Str: 20    XL:     6   Next: 83%
Magic:  6/6        EV:  8    Int:  9    God:
Gold:   134        SH:  4    Dex:  9    Spells: 5/5 levels left

rFire   . . .        a - +0 war axe
rCold   . . .        c - +0 buckler
rNeg    . . .        b - +0 scale mail
rPois   .            j - +2 helmet
rElec   .            (no cloak)
rCorr   +            (no gloves)
SInv    .            (no boots)
Will    .....        (no amulet) Stlth
                     h - ring of flight
HPRegen 0.29/turn    k - ring of resist corrosion
MPRegen 0.10/turn

%: no passive effects
@: flying
A: runic magic, artefact enchanting
a: no special abilities


You were on level 5 of the Dungeon.
You visited 1 branch of the dungeon, and saw 5 of its levels.

You collected 134 gold pieces.

Inventory:

Hand Weapons
 a - a +0 war axe (weapon)
Armour
 b - a +0 scale mail (worn)
 c - a +0 buckler (worn)
 j - a +2 helmet (worn)
Jewellery
 h - a ring of flight (left hand)
 k - a ring of resist corrosion (right hand)
Scrolls
 f - 3 scrolls of identify {unknown}
 g - 2 scrolls of fog {unknown}
 l - a scroll of amnesia {unknown}
 q - a scroll of vulnerability {unknown}
 r - a scroll of brand weapon {unknown}
Potions
 d - a potion of might
 e - 5 potions of curing {unknown}
 i - a potion of berserk rage {unknown}
 m - 3 potions of cancellation {unknown}
 n - a potion of mutation {unknown}
 o - a potion of lignification {unknown}
 p - a potion of heal wounds {unknown}
 s - a potion of invisibility {unknown}


   Skills:
 * Level 5.3 Fighting
 * Level 5.1 Axes
 + Level 4.5 Armour
 + Level 1.7 Dodging
 + Level 4.3 Shields


You had 5 spell levels left.
You didn't know any spells.
Your spell library contained the following spells:

 Spells                   Type           Power      Damage    Failure   Level
 Scorch                   Fire           0%         2d5       67%         2
 Dazzling Flash           Conj/Hex       0%         N/A       88%         3
 Inner Flame              Hex/Fire       0%         N/A       88%         3
 Mephitic Cloud           Conj/Alch/Air  0%         N/A       88%         3
 Flame Wave               Conj/Fire      0%         2d4       99%         4
 Curse of Agony           Necr           0%         N/A       100%        5
 Irradiate                Conj/Alch      0%         3d11      100%        5
 Silence                  Hex/Air        0%         N/A       100%        5
 Summon Cactus Giant      Summ           0%         N/A       100%        6
 Ignition                 Fire           0%         3d3       100%        8


Dungeon Overview and Level Annotations

Branches:
Dungeon (5/15)
 Temple: D:4-7

Altars:
Zin

Shops:
D:3 (


Innate Abilities, Weirdness & Mutations

Your spellcasting is much less encumbered by armour.
You can use scrolls of enchantment on lesser artefacts.


Message History

The jackal barely misses you. The jackal closely misses you.
You slash the jackal!
You kill the jackal!
No target in view!
No target in view!
No target in view!
No target in view!
No target in view!
No target in view!
No target in view!
No target in view!
No target in view!
You see here a jackal corpse.
You see here a jackal corpse.
You see here a jackal corpse.
There is a stone staircase leading up here.
An ogre comes into view. It is wielding a +0 giant club.
The ogre closely misses you.
You hit the ogre.
The ogre is lightly wounded.
The ogre hits you with a +0 giant club!!
You barely miss the ogre.
The ogre is lightly wounded.
The ogre hits you with a +0 giant club!
* * * LOW HITPOINT WARNING * * *
You are too injured to fight recklessly!
You are too injured to fight recklessly!
You closely miss the ogre.
The ogre is lightly wounded.
You barely miss the ogre.
The ogre is lightly wounded.
The ogre hits you with a +0 giant club.
* * * LOW HITPOINT WARNING * * *
You slash the ogre!
The ogre is heavily wounded.
You block the ogre's attack.
You hit the ogre but do no damage.
The ogre is heavily wounded.
The ogre hits you with a +0 giant club!!
You die...

.# . ####.
....#####
#......#
#......#
#......######
#....@......#
####O######<#
... ###.#
#### #.††#
#.### #.# #.#
#.# #.#


You could see an ogre.

Vanquished Creatures
  Sigmund (D:2)
  An ogre (D:4)
  A bombardier beetle (D:3)
  2 hounds
  Robin (D:2)
  3 adders
  A dart slug (D:4)
  A ribbon worm (D:2)
  4 orcs (D:4)
  2 bats
  4 endoplasms
  3 giant cockroaches
  17 goblins
  7 hobgoblins
  7 jackals
  4 quokkas
  2 ball pythons
  4 frilled lizards
  3 kobolds
  6 rats
74 creatures vanquished.

Notes
Turn   | Place    | Note
-------+----------+-------------------------------------------
     0 | D:1      | Skiberibeda the Mountain Dwarf Fighter began the quest for
                  | the Orb.
     0 | D:1      | Reached XP level 1. HP: 19/19 MP: 1/1
   235 | D:1      | Found a faded altar of an unknown god.
   245 | D:1      | Reached XP level 2. HP: 26/26 MP: 2/2
   584 | D:2      | Noticed Robin
   764 | D:2      | Killed Robin
   765 | D:2      | Reached XP level 3. HP: 32/33 MP: 3/3
   929 | D:2      | Found a glowing silver altar of Zin.
   963 | D:2      | Noticed Sigmund
  1247 | D:2      | Reached XP level 4. HP: 38/40 MP: 4/4
  1317 | D:2      | Killed Sigmund
  1318 | D:2      | Reached skill level 1 in Dodging
  1318 | D:2      | Reached XP level 5. HP: 35/47 MP: 5/5
  1410 | D:2      | Reached XP level 6. HP: 52/55 MP: 6/6
  1543 | D:3      | Identified the +3 mace of Ancient Evil {drain, rPois Dex+4}
  1552 | D:3      | Found a glowing silver altar of Zin.
  1594 | D:3      | Identified the +7 dagger of the Usurping Gods {flame, Will+
                  | MP+9 Int+3 Dex-3}
  2229 | D:3      | Found Uquph's Weapon Shop.
  2368 | D:4      | Reached skill level 5 in Fighting
  2454 | D:4      | Reached skill level 5 in Axes
  3084 | D:5      | Entered Level 5 of the Dungeon
  3110 | D:5      | Mangled by an ogre

Illustrated notes

Levels and vault maps discovered:
D:1:      zelgadis_glass_arrival_small, layout_basic, basic_ecumenical_altar,
          chequers_serial_rivers_room_a
D:2:      layout_loops_ring, basic_altar, uniq_robin, uniq_sigmund
D:3:      layout_basic, mainiacjoe_overflow_cross_hatched, serial_shops, shop
D:4:      layout_basic
D:5:      layout_basic, gammafunk_ghost_necromancy

Skill      XL: |  1  2  3  4  5  6 |
---------------+-------------------+-----
Axes           | 3 4 5 |  5.1
Fighting       | 4 5 |  5.3
Armour         | 4 |  4.5
Dodging        | 1 |  1.7
Shields        | 4 |  4.3

Action                     |  1- 3 |  4- 6 || total
---------------------------+-------+-------++-------
  Melee: War axe           |   137 |   128 ||   265
 Armour: Scale mail        |   117 |   100 ||   217
  Dodge: Dodged            |    60 |    69 ||   129
  Block: Buckler           |    34 |    39 ||    73

Table legend: (Time is in decaauts)
 A = Elapsed time spent in this place.
 B = Non-inter-level travel time spent in this place.
 C = Inter-level travel time spent in this place.
 D = Time resting spent in this place.
 E = Time spent auto-exploring this place.
 F = Levels seen in this place.
 G = Mean time per level.
                   A        B        C        D        E       F      G
               +--------+--------+--------+--------+--------+-----+--------+
         Total |   3198 |   3009 |    189 |      8 |   2361 |   5 |  639.6 |
       Dungeon |   3198 |   3009 |    189 |      8 |   2361 |   5 |  639.6 |
               +--------+--------+--------+--------+--------+-----+--------+

Top non-repeatable levels by time:
     D:2: 869 daAuts
     D:3: 813 daAuts
     D:4: 772 daAuts
     D:1: 714 daAuts
     D:5: 28 daAuts
